 Dungeon Crawl Stone Soup version 0.29-a0-298-g3c90f9a769 (webtiles) character file.

Game seed: 14730749461215746261

4 esteth the Skirmisher (level 1, -1/19 HPs)
             Began as a Hill Orc Fighter on Mar 22, 2022.
             Slain by a goblin
             ... wielding a +0 club
              (3 damage)
             ... on level 1 of the Dungeon.
             The game lasted 00:00:17 (128 turns).

esteth the Skirmisher (Hill Orc Fighter)             Turns: 128, Time: 00:00:17

Health: -1/19      AC:  6    Str: 18    XL:     1   Next: 70%
Magic:  1/1        EV:  9    Int:  8    God:
Gold:   0          SH:  4    Dex: 10    Spells: 0/0 levels left

rFire   . . .      SeeInvis .   a - +0 war axe
rCold   . . .      Faith    .   c - +0 buckler
rNeg    . . .      Spirit   .   b - +0 scale mail
rPois   .          Reflect  .   (no helmet)
rElec   .          Harm     .   (no cloak)
rCorr   .          Rampage  .   (no gloves)
Will    .....                   (no boots)
Stlth   ..........              (no amulet)
HPRegen 0.06/turn               (no ring)
MPRegen 0.07/turn               (no ring)

@: no status effects
A: no striking features
a: no special abilities


You were on level 1 of the Dungeon.
You visited 1 branch of the dungeon, and saw 1 of its levels.


   Skills:
 - Level 3.6 Fighting
 + Level 3.3 Axes
 - Level 3.2 Armour
 - Level 3.2 Shields


You couldn't memorise any spells.
You didn't know any spells.
Your spell library was empty.

Inventory:

Hand Weapons
 a - a +0 war axe (weapon)
Armour
 b - a +0 scale mail (worn)
 c - a +0 buckler (worn)
 e - a +0 pair of gloves
   (You found it on level 1 of the Dungeon)
 g - a +0 pair of gloves
   (You found it on level 1 of the Dungeon)
Scrolls
 f - a scroll of fog {unknown}
Potions
 d - a potion of might

Dungeon Overview and Level Annotations

Branches:
Dungeon (1/15)

Altars:

.........# ....#
.#.##.##.# #...#
.#.)..##.# #...#
...#####.# #...#####
.#.#####.# #........
.........######...#####.#
≈###.###............>....
≈# #..##.................
≈###..##........@........
≈.....#########).g#####.#
§####.# ....... ≈..##.#
#.#....## ≈#.##.#
#.#....# ≈.....# . .....#
≈#.#### . .#....# ≈#.# #.
.....# ...#


You could see a goblin.


Message History

🤖 Initializing magus.rc ...
Options error: Bad monster_list_colour key: strict_neutral (~/.crawlrc:5438) ✅ Successfully initialized magus.rc [v1.11.3] Welcome, esteth the Hill Orc Fighter.
Will you prevail where others failed? Will you find the Orb of Zot?
Press ? for a list of commands and other information.
Found a pair of gloves.
Found a staircase leading out of the dungeon.
You open the large door.
There is a large open door here.
There is a large open door here.
You enter the shallow water.
Moving in this stuff is going to be slow.
e - a +0 pair of gloves A kobold comes into view.
It is wielding a +0 club.
The kobold shouts!
The kobold closely misses you.
You slash the kobold!
You kill the kobold!
No target in view!
f - a scroll labelled SUTYGEMA NIDA You see here a +0 club.
g - a +0 pair of gloves A bat comes into view.
A bat is nearby!
You barely miss the bat. You block the bat's attack.
The bat hits you but does no damage.
You slash the bat!
You kill the bat!
Your Axes skill increases to level 3!
No target in view!
No target in view!
A hobgoblin comes into view.
The hobgoblin shouts!
A hobgoblin is nearby!
The hobgoblin closely misses you.
You hit the hobgoblin. The hobgoblin closely misses you.
The hobgoblin barely misses you.
You hit the hobgoblin.
You kill the hobgoblin!
No target in view!
You enter the shallow water.
Moving in this stuff is going to be slow.
Found a stone staircase leading down.
No target in view!
A kobold and an endoplasm come into view.
The kobold shouts!
The endoplasm quivers.
A goblin comes into view. It is wielding a +0 club.
The goblin shouts!
You closely miss the kobold. The kobold barely misses you.
You barely miss the kobold.
The kobold hits you with a +0 short sword.
The kobold barely misses you. 😕 HP[-4]
You take 4 damage, and now have 15/19 hp.
MASSIVE DAMAGE!! (PAUSE)
You barely miss the kobold. You hit the endoplasm but do no damage.
The endoplasm closely misses you. The kobold hits you but does no damage.
You hit the kobold. You hit the endoplasm. You hit the goblin but do no damage.
The goblin hits you but does no damage. The endoplasm freezes you.
You are frozen.
The kobold hits you with a +0 short sword.
* * * LOW HITPOINT WARNING * * *
😨 HP[-7]
You take 7 damage, and now have 8/19 hp.
MASSIVE DAMAGE!! (PAUSE)
You hit the endoplasm.
You kill the endoplasm!
You barely miss the goblin. You hit the kobold but do no damage.
The goblin hits you with a +0 club.
* * * LOW HITPOINT WARNING * * *
The kobold hits you with a +0 short sword.
* * * LOW HITPOINT WARNING * * *
The goblin barely misses you.
The kobold hits you but does no damage. 😱 HP[-5]
You take 5 damage, and now have 3/19 hp.
MASSIVE DAMAGE!! (PAUSE)
You closely miss the kobold. You closely miss the goblin.
The goblin hits you with a +0 club.
* * * LOW HITPOINT WARNING * * *
The kobold hits you but does no damage. 😱 HP[-1]
You take 1 damage, and now have 2/19 hp.
You hit the kobold.
You kill the kobold!
You miss the goblin. The goblin hits you but does no damage.
The goblin hits you with a +0 club.
You die...

Skill      XL: |  1 |
---------------+----+-----
Axes           | 3 |  3.3
Fighting       | |  3.6
Armour         | |  3.2
Shields        | |  3.2

Action                   || total
-------------------------++-------
Melee: War axe           ||    12
Armor: Scale mail        ||     6
Dodge: Dodged            ||     8
Block: Buckler           ||     1

Levels and vault maps discovered:
D:1:      lightli_arrival_boilingwater, layout_loops_cross

Notes
Turn   | Place    | Note
-------+----------+-------------------------------------------
     0 | D:1      | esteth the Hill Orc Fighter began the quest for the Orb.
     0 | D:1      | Reached XP level 1. HP: 19/19 MP: 1/1
     0 | D:1      | magus.rc [v1.11.3]
    56 | D:1      | Reached skill level 3 in Axes
   126 | D:1      | HP: 3/19 [kobold/+0 short sword (5)]
   128 | D:1      | Slain by a goblin

Vanquished Creatures
  A bat (D:1)
  An endoplasm (D:1)
  A hobgoblin (D:1)
  2 kobolds (D:1)
5 creatures vanquished.

Table legend:
 A = Non-vault XP
 B = Vault XP
 C = Vault XP percentage of total XP
 D = Non-vault monster count
 E = Vault monster count
 F = Vault count percentage of total count
                 A         B        C        D         E       F
            +---------+---------+-------+---------+---------+-------
      Total |       8 |       0 |   0.0 |       5 |       0 |   0.0
            +---------+---------+-------+---------+---------+-------
        D:1 |       8 |       0 |   0.0 |       5 |       0 |   0.0
            +---------+---------+-------+---------+---------+-------

Illustrated notes

Table legend:
 A = Kills in this place as a percentage of kills in entire the game.
 B = Kills by you in this place as a percentage of kills by you in the entire game.
 C = Kills by friends in this place as a percentage of kills by friends in the entire game.
 D = Other kills in this place as a percentage of other kills in the entire game.
 E = Experience gained in this place as a percentage of experience gained in the entire game.
 F = Experience gained in this place divided by the number of levels of this place that you have seen.
                   A       B       C       D       E      F
               +-------+-------+-------+-------+-------+----------------------
         Total | 100.0 | 100.0 |   N/A |   N/A | 100.0 |   8.0
       Dungeon | 100.0 | 100.0 |   N/A |   N/A | 100.0 |   8.0
               +-------+-------+-------+-------+-------+----------------------

Table legend: (Time is in decaauts)
 A = Elapsed time spent in this place.
 B = Non-inter-level travel time spent in this place.
 C = Inter-level travel time spent in this place.
 D = Time resting spent in this place.
 E = Time spent auto-exploring this place.
 F = Levels seen in this place.
 G = Mean time per level.
                   A        B        C        D        E       F      G
               +--------+--------+--------+--------+--------+-----+--------+
         Total |    135 |    135 |      0 |      0 |    108 |   1 |  135.0 |
       Dungeon |    135 |    135 |      0 |      0 |    108 |   1 |  135.0 |
               +--------+--------+--------+--------+--------+-----+--------+

Top non-repeatable levels by time:
     D:1: 135 daAuts
